 Dungeon Crawl Stone Soup version 0.22-a0-181-gb22368a (webtiles) character file.

1866 MatthieuS the Shooter (level 8, -1/67 HPs)
             Began as a Centaur Arcane Marksman on Feb 14, 2018.
             Was a Priest of Okawaru.
             Slain by a killer bee (7 damage)
             ... on level 6 of the Dungeon.
             The game lasted 00:21:41 (7280 turns).

MatthieuS the Shooter (Centaur Arcane Marksman)     Turns: 7280, Time: 00:21:42

Health: -1/67      AC:  6    Str: 14    XL:     8   Next: 90%
Magic:  13/13      EV: 10    Int: 13    God:    Okawaru [***...]
Gold:   280        SH:  3    Dex: 10    Spells: 4/13 levels left

rFire    . . .     SeeInvis .   a - +2 short sword (freeze)
rCold    . . .     Gourm    .   (no shield)
rNeg     . . .     Faith    .   r - +0 leather armour {MR+}
rPois    +         Spirit   .   G - +0 helmet
rElec    .         Reflect  +   (no cloak)
rCorr    .         Harm     .   D - +0 pair of gloves
MR       +....                  (no barding)
Stlth    ++........             B - +3 amulet of reflection
HPRegen  0.21/turn              y - ring of poison resistance
MPRegen  0.13/turn              C - ring of stealth

@: very quick
A: large, hooves 3, deformed body, speed 2, tough skin 3
a: Heroism, Renounce Religion


You were on level 6 of the Dungeon.
You worshipped Okawaru.
Okawaru was most pleased with you.
You were not hungry.

You visited 1 branch of the dungeon, and saw 7 of its levels.

You collected 280 gold pieces.

Inventory:

Hand Weapons
 a - a +2 short sword of freezing (weapon)
 w - a +0 shortbow
Missiles
 d - 12 arrows
 h - 7 javelins (quivered)
 v - a throwing net
 H - 4 tomahawks
Armour
 r - a +0 leather armour of magic resistance (worn)
 D - a +0 pair of gloves (worn)
 G - a +0 helmet (worn)
Jewellery
 y - a ring of poison resistance (left hand)
 B - a +3 amulet of reflection (around neck)
 C - a ring of stealth (right hand)
 F - an uncursed ring of protection from cold
 J - an uncursed ring of resist corrosion
Wands
 p - a wand of paralysis (16)
 x - a wand of random effects (35)
Scrolls
 b - 4 scrolls of teleportation
 i - 2 scrolls of identify
 j - a scroll of amnesia
 k - 9 scrolls of remove curse
 l - a scroll of magic mapping
 m - 3 scrolls of fog
 s - a scroll of noise {unknown}
 t - a scroll of blinking {unknown}
 u - a scroll of enchant armour {unknown}
 K - a scroll of enchant weapon {unknown}
Potions
 e - 2 potions of haste
 g - 2 potions of magic
 n - a potion of might {unknown}
 o - a potion of agility {unknown}
 q - 2 potions of curing
 z - a potion of heal wounds
 A - a potion of flight {unknown}
 E - 3 potions of mutation {unknown}
Books
 c - a book of Debilitation

   Spells                             Type                      Level
   a - Corona                         Hexes                        1
   b - Slow                           Hexes                        2
   c - Inner Flame                    Hexes/Fire                   3
   d - Portal Projectile              Hexes/Translocation          3
   e - Cause Fear                     Hexes                        4
   f - Leda's Liquefaction            Hexes/Earth                  4
Comestibles
 f - 6 rations


   Skills:
 + Level 4.4 Fighting
 + Level 6.5 Bows
 + Level 3.7 Dodging
 + Level 3.4 Spellcasting
 + Level 5.0 Hexes
 - Level 2.0 Translocations
 - Level 2.0 Fire Magic
 + Level 4.1 Invocations


You had 4 spell levels left.
You knew the following spells:

 Your Spells              Type           Power        Failure   Level  Hunger
a - Corona                Hex            ###....      3%          1    #......
b - Slow                  Hex            ###.....     5%          2    ##.....
c - Inner Flame           Hex/Fire       ##......     21%         3    ###....
d - Portal Projectile     Hex/Tloc       ##....       21%         3    ###....


Dungeon Overview and Level Annotations

Branches:
Dungeon (7/15)             Temple (0/1) D:4

Altars:
Cheibriados
Fedhas
Kikubaaqudgha
Okawaru
Trog
Vehumet
Wu Jian

Annotations:
D:7 1 runed door


Innate Abilities, Weirdness & Mutations

You have hooves in place of feet.
Armour fits poorly on your strangely shaped body.
You cover ground very quickly.
You have extremely tough skin. (AC +3)


Message History

The killer bee barely misses you.
Evoke which item? (* to show all) (? for menu, Esc to quit)
Aiming: Random Effects
Press: ? - help, Shift-Dir - straight line, f/p - killer bee
Aim: a killer bee (moderately wounded)
The killer bee twists and deforms.
The killer bee stings you.
* * * LOW HITPOINT WARNING * * *
Evoke which item? (* to show all) (? for menu, Esc to quit)
Aiming: Random Effects
Press: ? - help, Shift-Dir - straight line, f/p - killer bee
Aim: a killer bee (moderately wounded, misshapen and mutated)
The killer bee flickers and vanishes!
Deactivating autopickup; reactivate with Ctrl-A.
The killer bee disappears!
Something completely misses you. Something stings you.
* * * LOW HITPOINT WARNING * * *
You miss something. Your kick misses something. Something stings you.
* * * LOW HITPOINT WARNING * * *
Something stings you!
You die...

### #.##### #.....# ####
#.###.# #... #.....# #...
####.##..## ######...
#.#.ยง{@...#####........
###.#..##.#............##
#..............##....).#
#.#.#...###..#.##......#
#............>.....###.#
#...##..#.#............#
###.#.##......##.........##
#.#.#.##.##.......#..##....
#.######.##.####.....##....


There were no monsters in sight!

Vanquished Creatures
  A hungry ghost (D:7)
  5 ice beasts
  5 ogres
  2 bullfrogs (D:6)
  A scorpion (D:7)
  The ghost of MatthieuS the Shooter, a weakling CeHu (D:3)
  2 killer bees (D:7)
  A crimson imp (D:5)
  A bullfrog zombie (D:6)
  A jelly (D:5)
  A hound (D:2)
  2 orc wizards (D:4)
  4 iguanas
  2 worker ants
  A hound zombie (D:7)
  9 adders
  A howler monkey skeleton (D:5)
  2 adder zombies
  2 worms
  A dart slug (D:1)
  6 leopard geckos
  14 orcs
  3 bats
  2 bat skeletons (D:6)
  3 bat zombies (D:6)
  2 giant cockroaches
  3 goblins
  9 hobgoblins
  4 jackals (D:4)
  5 kobolds
  4 quokkas
  2 frilled lizards (D:1)
  8 rats
110 creatures vanquished.

Vanquished Creatures (others)
  A goblin (D:3)
1 creature vanquished.

Grand Total: 111 creatures vanquished

Notes
Turn   | Place    | Note
-------+----------+-------------------------------------------
     0 | D:1      | MatthieuS the Centaur Arcane Marksman began the quest for the Orb.
     0 | D:1      | Reached XP level 1. HP: 16/16 MP: 2/2
   273 | D:1      | Reached XP level 2. HP: 23/23 MP: 3/3
   415 | D:1      | Reached skill level 3 in Bows
  1073 | D:2      | Reached XP level 3. HP: 12/28 MP: 4/4
  1300 | D:2      | Found a bloodstained altar of Trog.
  1413 | D:2      | Reached XP level 4. HP: 13/36 MP: 4/6
  1715 | D:2      | Found a snail-covered altar of Cheibriados.
  2015 | D:3      | Found a radiant altar of Vehumet.
  2304 | D:3      | Noticed MatthieuS's ghost (weakling CeHu)
  2410 | D:3      | Killed MatthieuS's ghost
  2410 | D:3      | Reached skill level 4 in Bows
  2410 | D:3      | Reached XP level 5. HP: 12/42 MP: 7/7
  2764 | D:3      | Found an ornate altar of the Wu Jian Council.
  2880 | D:3      | Found an iron altar of Okawaru.
  2889 | D:3      | Became a worshipper of Warmaster Okawaru
  3060 | D:4      | Found a staircase to the Ecumenical Temple.
  3185 | D:4      | Learned a level 2 spell: Slow
  3189 | D:4      | Learned a level 3 spell: Inner Flame
  3229 | D:4      | Found a blossoming altar of Fedhas.
  3297 | D:4      | Noticed an ogre
  3360 | D:4      | Killed an ogre
  3360 | D:4      | Reached skill level 1 in Invocations
  3360 | D:4      | Reached XP level 6. HP: 50/50 MP: 7/9
  3767 | D:5      | Entered Level 5 of the Dungeon
  3886 | D:5      | Reached * piety under Okawaru
  4163 | D:5      | Reached skill level 1 in Fire Magic
  4163 | D:5      | Reached XP level 7. HP: 57/57 MP: 4/10
  4235 | D:5      | Reached skill level 5 in Bows
  4515 | D:5      | Reached ** piety under Okawaru
  5045 | D:6      | Learned a level 3 spell: Portal Projectile
  5101 | D:6      | Reached XP level 8. HP: 57/66 MP: 10/12
  5317 | D:6      | Found an ancient bone altar of Kikubaaqudgha.
  5919 | D:7      | Reached skill level 1 in Translocations
  6038 | D:7      | Reached skill level 6 in Bows
  6475 | D:7      | Found a runed door.
  6557 | D:7      | Reached *** piety under Okawaru
  7232 | D:7      | Reached skill level 5 in Hexes
  7253 | D:7      | HP: 3/67 [killer bee (3)]
  7261 | D:6      | HP: 3/67 [killer bee (4)]
  7275 | D:6      | HP: 1/67 [killer bee (5)]
  7280 | D:6      | Slain by a killer bee

Vault maps used:
D:1:      onia_arrival_handbag, minmay_misc_feat_diagonals
D:2:      overflow_temple_1_default, lemuel_doored_altar, first_ration,
          st_stairs_14
D:3:      lemuel_round_altar, lemuel_coloured_pillars_altar, fiery_altar_vehumet
D:4:      overflow_temple_1_default, temple_fountains
D:6:      kennysheep_vampire_church
D:7:      uniq_crazy_yiuf_cottage

Skill      XL: |  1  2  3  4  5  6  7  8 |
---------------+-------------------------+-----
Bows           | 3 4 5 6 |  6.5
Hexes          | 3 4 5 |  5.0
Fighting       | 2 3 4 |  4.4
Dodging        | 2 3 |  3.7
Spellcasting   | 2 3 |  3.4
Invocations    | 1 2 3 4 |  4.1
Fire Magic     | 1 2 |  2.0
Translocations | 2 |  2.0

Action                   |  1- 3 |  4- 6 |  7- 9 || total
-------------------------+-------+-------+-------++-------
Melee: Short sword       |    27 |    14 |   105 ||   146
       Kick              |     1 |     3 |    20 ||    24
 Fire: Shortbow          |    83 |   170 |   135 ||   388
Throw: Javelin           |       |       |    23 ||    23
       Throwing net      |       |       |     2 ||     2
 Cast: Corona            |     4 |    32 |    29 ||    65
       Slow              |       |     8 |    22 ||    30
Evoke: Wand              |       |       |    14 ||    14
  Use: Scroll            |       |    11 |     1 ||    12
       Potion            |       |       |     6 ||     6
  Eat: Chunk             |     1 |     6 |     7 ||    14
       Ration            |       |       |     5 ||     5
Armor: Robe              |    32 |       |       ||    32
       Leather armour    |     4 |    28 |    60 ||    92
Dodge: Dodged            |    45 |    51 |    92 ||   188
Block: Other             |       |     2 |    21 ||    23

Table legend:
 A = Spawn XP
 B = Non-spawn XP
 C = Spawn XP percentage of total XP
 D = Spawn monster count
 E = Non-spawn monster count
 F = Spawn count percentage of total count
 G = Total turns spent on level
                    A         B        C        D         E        F      G
               +---------+---------+-------+---------+---------+-------+---------
         Total |       0 |    2667 |   0.0 |       0 |     110 |   0.0 |  7280
               +---------+---------+-------+---------+---------+-------+---------
           D:1 |       0 |      27 |   0.0 |       0 |      17 |   0.0 |  1005
           D:2 |       0 |      85 |   0.0 |       0 |      17 |   0.0 |   952
           D:3 |       0 |     121 |   0.0 |       0 |      12 |   0.0 |  1049
           D:4 |       0 |     264 |   0.0 |       0 |      18 |   0.0 |   761
           D:5 |       0 |     655 |   0.0 |       0 |      11 |   0.0 |  1012
           D:6 |       0 |     593 |   0.0 |       0 |      17 |   0.0 |  1135
           D:7 |       0 |     922 |   0.0 |       0 |      18 |   0.0 |  1366
               +---------+---------+-------+---------+---------+-------+---------
